Map: Mech Depot LE

Players

Kobentl - Winner!

  • Race: Terran Terran
  • League: Platinum
  • Spawn Location: 1:00

eXile

  • Race: Zerg Zerg
  • League: Platinum
  • Spawn Location: 7:00

VOD

Have the link to the VOD?

Description

Time

  • Played on: Sept. 19, 2017, 7:55 a.m.
  • Length: 21:02
Show
View Real Time Build Order
Export as new Build Order

Kobentl Terran - Winner!

Build Orders: Reaper Expand, Bio Tank 

Get SALT Encoding   

  12  0:01  SCV  
  13  0:14  SCV  
  14  0:26  SCV  
  15  0:29  Supply Depot  
  15  0:51  SCV  
  15  0:53  Refinery, Barracks  
  16  1:03  SCV  
  17  1:15  SCV  
  18  1:27  SCV  
  18  1:30  Supply Depot  
  19  1:40  Orbital Command  
  19  1:41  Reaper  
  20  1:54  Command Center  
  20  2:03  Refinery  
  20  2:05  SCV  
  21  2:17  SCV  
  21  2:18  Factory  
  22  2:23  Marine  
  22  2:29  SCV  
  24  2:42  SCV  
  25  2:47  Barracks Reactor  
  25  2:54  SCV  
  25  3:06  SCV, Starport  
  25  3:11  Orbital Command  
  26  3:18  SCV  
  27  3:20  Supply Depot  
  27  3:30  SCV  
  28  3:34  Barracks  
  28  3:35  Engineering Bay  
  28  3:38  SCV  
  28  3:40  Hellion, Barracks Tech Lab  
  31  3:42  SCV  
  31  3:46  Hellion  
  34  3:50  SCV  
  34  3:54  SCV  
  36  3:57  Medivac  
  36  3:59  Marine  
  36  4:02  SCV  
  40  4:06  SCV  
  40  4:07  Stimpack  
  41  4:10  Hellion  
  41  4:16  Hellion  
  45  4:17  Marine  
  45  4:19  SCV x2  
  48  4:31  SCV x2  
  48  4:33  Barracks Reactor  
  48  4:34  Starport Reactor  
  48  4:35  Marine  
  49  4:39  Supply Depot  
  49  4:43  SCV x2, Supply Depot  
  49  4:45  Supply Depot  
  49  4:49  Hellion x2  
  53  4:53  Marine  
  53  4:59  SCV x2  
  54  5:02  Terran Infantry Weapons Level 1  
  54  5:07  Engineering Bay  
  54  5:10  Marine x2, Armory  
  54  5:11  SCV x2  
  54  5:12  Medivac  
  58  5:20  Refinery  
  58  5:23  SCV  
  58  5:24  Marine, SCV  
  58  5:28  Marine x2  
  63  5:29  Medivac  
  65  5:39  SCV x2  
  65  5:41  Barracks  
  67  5:44  Factory Tech Lab  
  67  5:46  Refinery, Marine  
  67  5:47  Marine  
  69  5:51  SCV x2  
  69  5:52  Marine  
  72  6:01  Terran Infantry Armor Level 1  
  72  6:02  Command Center  
  72  6:06  SCV x2  
  72  6:07  Combat Shields  
  74  6:11  Marine x3  
  77  6:20  Siege Tank  
  80  6:28  Marine x2  
  80  6:31  Supply Depot x2  
  80  6:32  Supply Depot, Medivac  
  84  6:37  Marine x2  
  86  6:52  Siege Tank, Marine  
  86  6:53  Marine x2  
  92  7:00  Medivac  
  94  7:03  Supply Depot  
  94  7:04  Supply Depot  
  94  7:05  Supply Depot x2  
  94  7:07  Terran Vehicle Weapons Level 1  
  94  7:12  Terran Infantry Weapons Level 2  
  94  7:23  Marine x2  
  94  7:24  Widow Mine, Marine x3  
  101  7:41  Marine x2  
  103  7:49  SCV x2  
  103  7:50  Marine x3, Orbital Command  
  108  7:53  Siege Tank  
  108  7:55  Medivac  
  113  8:08  Marine x2  
  113  8:09  Marine  
  116  8:15  Marine x2  
  116  8:17  Terran Infantry Armor Level 2  
  118  8:23  Barracks x2  
  118  8:25  Siege Tank  
  118  8:26  Marine x3  
  124  8:31  Liberator  
  124  8:32  Liberator  
  124  8:46  Marine x5  
  135  8:57  Siege Tank  
  138  9:03  Marine  
  138  9:04  Marine  
  140  9:18  Marine x2  
  140  9:20  Marauder  
  140  9:22  SCV  
  140  9:23  SCV x2  
  147  9:25  Barracks Reactor x2  
  147  9:29  Siege Tank  
  150  9:34  SCV  
  150  9:35  SCV  
  142  9:42  Marine x3  
  142  9:43  Marine x2  
  120  9:49  Medivac x2  
  122  10:00  Marine x4  
  122  10:01  Siege Tank  
  122  10:06  Marine  
  130  10:10  Marine x3  
  133  10:19  Medivac  
  135  10:28  Marine x4  
  109  10:29  Marine x3  
  109  10:33  Siege Tank  
  111  10:44  Marine x2  
  111  10:46  Marine  
  100  10:50  Marine x3  
  100  10:51  Marine x3  
  102  11:02  Marine x2  
  102  11:04  Marine  
  104  11:08  Marine x3  
  104  11:09  Marine  
  106  11:14  Marine x2  
  106  11:17  Terran Infantry Armor Level 3, Terran Infantry Weapons Level 3  
  108  11:19  Terran Vehicle Weapons Level 2  
  108  11:20  Marine x2  
  108  11:21  Marine  
  108  11:22  SCV x3  
  114  11:26  Marine x3  
  114  11:27  Marine  
  114  11:31  Medivac  
  114  11:32  Marine x2  
  122  11:34  SCV x3  
  125  11:51  Command Center  
  125  11:52  Marine x3  
  125  11:53  Marine x6  
  134  11:58  Siege Tank  
  134  12:00  Medivac  
  139  12:10  Marine x3  
  139  12:12  Marauder  
  144  12:21  Marine x5  
  149  12:27  Liberator x2  
  149  12:28  Marine x3  
  152  12:33  Marine  
  151  12:41  Marine x5  
  151  12:43  Siege Tank  
  151  12:45  Marine  
  151  12:47  Marine x2  
  151  12:50  Marine  
  161  12:58  Marine  
  161  12:59  Marine x4  
  161  13:03  Marine  
  161  13:05  Marine x2, Barracks, Orbital Command  
  168  13:08  Marine, Barracks, SCV x2  
  168  13:09  Barracks  
  168  13:10  Liberator  
  172  13:15  Siege Tank  
  172  13:16  Marine x2  
  177  13:28  Liberator  
  180  13:42  Marine x5  
  180  13:43  Marine x4  
  192  14:00  Marine  
  141  14:22  Marine x7  
  141  14:23  Marine x2  
  127  14:39  Marine x2  
  127  14:40  Marine x6  
  127  14:41  Marine  
  130  14:57  Marine x3  
  130  14:58  Marine x5, Liberator  
  131  15:06  Marine  
  123  15:07  Siege Tank  
  126  15:15  Marine x3, Medivac  
  116  15:33  Marine x3  
  116  15:34  Marine x4  
  115  15:41  Refinery  
  115  15:43  Refinery  
  115  15:47  Marine x2  
  117  15:51  Marine x3  
  117  15:52  Barracks Reactor x3  
  120  16:07  Liberator x2  
  120  16:10  Command Center  
  120  16:20  Marine x5  
  120  16:21  Marine x4  
  120  16:23  Siege Tank  
  132  16:50  Marine x5, Liberator  
  132  16:51  Marine x7  
  132  16:52  Marine x3  
  143  16:55  Siege Tank  
  146  17:04  Liberator  
  146  17:08  Marine x6  
  151  17:09  Marine x7  
  151  17:10  Marine  
  163  17:19  Marine  
  167  17:25  Marine  
  167  17:26  Marine  
  167  17:27  Siege Tank  
  129  17:46  Liberator  
  129  17:48  Marine x5  
  127  17:56  Marine x2  
  127  17:57  Marine x6  
  124  18:00  Marine x2  
  124  18:03  Siege Tank  
  128  18:06  Marine x5  
  128  18:11  Starport  
  133  18:14  Marine x3  
  133  18:19  Marine x4  
  138  18:20  Marine x2  
  138  18:21  Marine  
  138  18:23  Marine  
  138  18:24  Marine x3  
  138  18:25  Orbital Command  
  147  18:28  Marine, Refinery  
  147  18:32  Marine x3  
  151  18:36  Barracks  
  151  18:37  Marine x2  
  151  18:38  Marine x4, Barracks x2  
  151  18:39  Barracks  
  157  18:41  Siege Tank  
  115  19:08  Liberator x2  
  82  19:19  Marine x3  
  82  19:20  Marine x7  
  82  19:23  Marine x5  
  89  19:24  Siege Tank  
  89  19:30  Barracks Reactor  
  98  19:37  Marine x4  
  98  19:38  Marine x6, Refinery  
  108  19:45  Refinery  
  108  19:48  Marine x2  
  108  19:49  Marine x2  
  108  19:52  Barracks Reactor x2  
  113  19:55  Marine x2, Barracks Reactor  
  113  19:56  Marine x5  
  113  19:57  Marine x4, Command Center  
  113  19:59  Siege Tank  
  126  20:08  Medivac  
  128  20:15  Medivac  
  130  20:27  Starport Tech Lab  
  130  20:33  Marine x6  
  130  20:34  Marine x7  
  130  20:35  Marine x6  
  146  20:36  Marine x4  
  149  20:52  Refinery  
Show
View Real Time Build Order
Export as new Build Order

eXile Zerg 

Build Orders: Hatch First, Muta Ling Bane 

Get SALT Encoding   

  12  0:01  Drone  
  13  0:13  Overlord  
  13  0:24  Drone  
  14  0:34  Drone x2  
  16  0:47  Drone  
  17  0:55  Hatchery  
  16  0:57  Drone  
  16  0:59  Extractor  
  16  1:03  Drone  
  17  1:25  Spawning Pool  
  17  1:27  Drone x2  
  17  1:29  Drone  
  19  1:39  Overlord  
  19  1:53  Drone  
  20  2:12  Metabolic Boost  
  20  2:13  Queen  
  20  2:14  Queen  
  24  2:16  Zergling x4  
  24  2:18  Zergling x2  
  27  2:31  Drone x3  
  30  3:08  Queen  
  30  3:09  Queen  
  30  3:12  Drone x2  
  36  3:17  Hatchery  
  36  3:18  Overlord x2  
  35  3:32  Overlord  
  35  3:36  Drone x4  
  35  3:37  Drone x3  
  42  3:59  Zergling x4  
  42  4:00  Zergling x12  
  42  4:02  Queen  
  52  4:43  Drone x3  
  52  4:44  Drone x8  
  62  5:10  Drone x3  
  62  5:13  Extractor  
  64  5:14  Lair  
  64  5:15  Extractor  
  63  5:22  Evolution Chamber  
  63  5:25  Evolution Chamber  
  61  5:47  Drone  
  61  5:48  Drone x3  
  61  5:49  Overlord x3  
  65  5:51  Zerg Ground Armor Level 1, Zerg Melee Weapons Level 1  
  65  5:56  Extractor  
  64  6:02  Hatchery  
  63  6:21  Pneumatized Carapace  
  63  6:28  Drone x3, Baneling Nest, Extractor  
  63  6:29  Drone x5  
  63  6:30  Drone x7, Extractor  
  75  6:46  Drone x5  
  80  7:00  Zergling x6  
  80  7:01  Zergling x4  
  85  7:13  Zergling x8  
  89  7:19  Overlord x2  
  89  7:36  Zergling x12  
  95  7:41  Spire  
  94  7:50  Baneling x2  
  94  7:51  Baneling x8  
  94  7:52  Baneling x8  
  94  7:54  Centrifical Hooks  
  94  7:57  Overlord x4  
  94  8:21  Zerg Melee Weapons Level 2  
  94  8:23  Zerg Ground Armor Level 2  
  94  8:31  Infestation Pit  
  93  8:43  Zergling x2  
  93  8:44  Zergling x12  
  93  8:45  Zergling x14  
  107  8:55  Hatchery  
  107  8:58  Zergling x2  
  107  8:59  Mutalisk x2, Zergling x8  
  115  9:04  Mutalisk  
  117  9:15  Zergling x2  
  117  9:16  Zergling x10  
  123  9:25  Mutalisk x3  
  123  9:26  Mutalisk x2  
  117  9:44  Zergling x14  
  92  9:50  Baneling x4  
  92  9:51  Baneling x7  
  92  9:58  Zergling x6  
  92  9:59  Zergling x8  
  99  10:06  Zergling x16  
  99  10:07  Zergling x16  
  95  10:29  Zergling x10  
  95  10:30  Zergling x12  
  104  10:36  Zergling x2  
  104  10:37  Zergling x4  
  103  10:51  Zergling x12  
  109  10:57  Zergling x6  
  101  11:11  Baneling  
  101  11:12  Baneling x7  
  101  11:13  Baneling x5  
  100  11:24  Queen  
  102  11:28  Mutalisk x5  
  102  11:29  Mutalisk x7  
  102  11:30  Queen  
  128  11:34  Zergling x8  
  128  11:35  Zergling x4  
  134  11:45  Queen  
  136  11:59  Queen  
  138  12:05  Mutalisk  
  138  12:06  Mutalisk x5  
  138  12:08  Overlord x6  
  150  12:22  Overlord x3  
  150  12:24  Overlord x3  
  148  12:46  Zergling x12  
  148  12:47  Zergling x14  
  148  12:48  Drone x7  
  148  12:49  Drone x2  
  170  12:51  Extractor  
  170  12:53  Extractor  
  168  12:59  Zerg Flyer Weapons Level 1  
  168  13:00  Infestation Pit  
  168  13:03  Spire  
  166  13:44  Baneling x3  
  166  13:45  Baneling x7  
  166  13:46  Hatchery, Baneling x8  
  165  13:48  Hive  
  139  14:20  Zergling x12  
  139  14:21  Zergling x14  
  139  14:22  Zergling x18  
  139  14:23  Zergling x12  
  153  14:24  Zergling x6  
  153  14:25  Zergling x12  
  106  14:53  Mutalisk x6  
  106  14:54  Mutalisk x7  
  106  14:55  Mutalisk x2  
  126  15:01  Mutalisk x2  
  122  15:09  Queen  
  122  15:12  Zerg Melee Weapons Level 3  
  122  15:13  Zerg Ground Armor Level 3  
  124  15:17  Zergling x14  
  124  15:18  Zergling x6, Adrenal Glands  
  126  15:35  Baneling x2  
  122  15:36  Baneling x9  
  120  15:44  Zergling x2  
  120  15:45  Zergling x16  
  120  15:46  Zergling x16  
  120  15:47  Zergling x8  
  141  15:50  Mutalisk x3  
  147  16:08  Drone x7  
  147  16:09  Drone x4  
  158  16:23  Overlord  
  158  16:24  Overlord  
  158  16:29  Corruptor x3, Zergling x2, Greater Spire  
  158  16:30  Corruptor  
  158  16:50  Zerg Flyer Weapons Level 2  
  156  17:03  Corruptor x2  
  156  17:04  Corruptor x2  
  164  17:20  Extractor x2  
  162  17:31  Zergling x8  
  162  17:32  Zergling x16  
  162  17:33  Zergling x6  
  131  17:49  Zergling x2  
  131  17:50  Zergling x10  
  131  17:58  Brood Lord x2  
  131  17:59  Brood Lord x4  
  131  18:02  Zergling x2  
  131  18:03  Zergling x8  
  137  18:27  Baneling x2  
  137  18:28  Baneling x8  
  137  18:29  Baneling x5  
  137  18:33  Hatchery  
  136  18:36  Hydralisk Den  
  136  18:37  Zerg Flyer Armor Level 1  
  136  18:39  Zerg Missile Weapons Level 1  
  135  18:43  Queen  
  135  18:46  Drone x3  
  114  19:08  Zergling x14  
  114  19:09  Zergling x16  
  111  19:24  Zergling x8  
  111  19:25  Zergling x14  
  122  19:52  Ultralisk Cavern  
  121  19:53  Brood Lord  
  121  19:54  Brood Lord  
  121  19:56  Zergling x2, Corruptor x3  
  132  20:19  Corruptor x2  
  132  20:20  Corruptor x3  
  142  20:24  Overseer  
  142  20:40  Zergling x4  
  142  20:41  Zergling x14  
Tags
 
Add a new tag
Caveats
  • Supply blocks, unpowered buildings, or Contaminate may cause inaccurate times.
  • Supply counts are checked every 10 seconds.